 Dungeon Crawl Stone Soup version 0.27-a0-412-g8dd771eca2 (webtiles) character file.

Game seed: 8128996970263025286

42809 hellse the Grappler (level 13, -8/112 (125) HPs)
             Began as a Troll Fighter on Feb 23, 2021.
             Was a High Priest of Ru.
             Killed from afar by a necromancer (36 damage)
             ... with a bolt of negative energy
             ... on level 13 of the Dungeon.
             The game lasted 00:30:01 (18974 turns).

hellse the Grappler (Troll Fighter)                Turns: 18974, Time: 00:30:02

HP:   -8/112 (125)  AC: 15    Str: 33    XL:     13   Next: 87%
MP:   0/10          EV: 10    Int: 10    God:    Ru [*****.]
Gold: 1983          SH: 18    Dex: 13    Spells: 12/12 levels left

rFire    + + +     SeeInvis .     - Unarmed
rCold    . . .     Faith    .   M - +1 kite shield {rF+}
rNeg     . . .     Spirit   .   N - +0 fire dragon scales
rPois    .         Reflect  +   e - +1 hat
rElec    +         Harm     .   H - scarf {repulsion}
rCorr    .         Rampage  .   (gloves unavailable)
Will     +....                  (boots unavailable)
Stlth    ..........             n - amulet of reflection
HPRegen  1.28/turn              y - ring of protection from cold
MPRegen  0.12/turn              p - ring of Life {rElec Will+ Str+6 Int+6}

@: heavily drained, repel missiles
A: large, unfitting armour, claws 3, frail 1, low mp 1, regeneration 1, shaggy
fur 1, tough skin 1, no stealth, inability to use devices, inexperienced 1
a: Renounce Religion, Draw Out Power, Power Leap, Apocalypse


You were on level 13 of the Dungeon.
You worshipped Ru.
Ru was extremely pleased with you.
You visited 3 branches of the dungeon, and saw 20 of its levels.
You also visited: Ossuary and Volcano.

You collected 2067 gold pieces.
You spent 84 gold pieces at shops.

Inventory:

Hand Weapons
 G - a +0 hand axe of flaming
Missiles
 J - 7 large rocks (quivered)
Armour
 e - a +1 hat (worn)
 t - a +0 robe of fire resistance
 C - a +0 cloak
 D - a +0 tower shield
 H - a scarf of repulsion (worn)
 M - a +1 kite shield of fire resistance (worn)
 N - +0 fire dragon scales (worn)
Jewellery
 n - an amulet of reflection (around neck)
 p - the ring of Life (right claw) {rElec Will+ Str+6 Int+6}
   (You acquired it on level 9 of the Dungeon)

   [ring of strength]

   It affects your strength (+6).
   It affects your intelligence (+6).
   It insulates you from electricity.
   It affects your willpower, your defense against some magical effects.
 v - a ring of ice
 w - a ring of resist corrosion
 y - a ring of protection from cold (left claw)
 P - a +6 ring of intelligence
 Q - a +6 ring of dexterity
Scrolls
 a - 3 scrolls of magic mapping
 b - 2 scrolls of holy word
 g - a scroll of fear
 h - 7 scrolls of enchant armour
 q - 7 scrolls of teleportation
 s - a scroll of fog
 x - 2 scrolls of immolation
 E - a scroll of enchant weapon
 I - 2 scrolls of amnesia
 O - a scroll of silence {unknown}
Potions
 c - 4 potions of might
 d - 4 potions of lignification
 f - 5 potions of heal wounds {unknown}
 i - 3 potions of invisibility
 j - 14 potions of curing {unknown}
 k - 4 potions of flight {unknown}
 l - 6 potions of mutation
 m - 6 potions of degeneration
 o - 5 potions of haste
 r - a potion of berserk rage
 u - 2 potions of brilliance {unknown}
 z - 2 potions of attraction
 A - 2 potions of cancellation {unknown}
 B - a potion of ambrosia {unknown}
 F - 3 potions of magic {unknown}
 K - 2 potions of resistance {unknown}
 L - a potion of experience {unknown}


   Skills:
 + Level 11.9 Fighting
 - Level 9.4 Throwing
 - Level 11.8 Armour
 - Level 3.6 Dodging
 - Level 9.0 Shields
 - Level 14.0 Unarmed Combat


You had 12 spell levels left.
You didn't know any spells.
Your spell library contained the following spells:

 Spells                   Type           Power        Failure   Level
 Beastly Appendage        Tmut           0%           56%         1
 Magic Dart               Conj           0%           56%         1
 Searing Ray              Conj           0%           71%         2
 Wereblood                Tmut           0%           71%         2
 Confusing Touch          Hex            0%           91%         3
 Dazzling Flash           Conj/Hex       0%           91%         3
 Gell's Gravitas          Tloc           0%           91%         3
 Spider Form              Tmut/Pois      0%           91%         3
 Fulminant Prism          Conj/Hex       0%           100%        4
 Ice Form                 Ice/Tmut       0%           100%        4
 Iskenderun's Mystic Bla  Conj/Tloc      0%           100%        4
 Petrify                  Tmut/Erth      0%           100%        4
 Blade Hands              Tmut           0%           100%        5
 Metabolic Englaciation   Hex/Ice        0%           100%        5
 Yara's Violent Unravell  Hex/Tmut       0%           100%        5


Dungeon Overview and Level Annotations

Branches:
Dungeon (13/15)            Temple (1/1) D:7            Lair (6/6) D:11
  Swamp (0/4) Lair:2        Snake (0/4) Lair:4        Slime (0/5) Lair:5
    Orc (0/2) D:12        Ossuary (visited)         Volcano (visited)
 Vaults: D:13-14

Altars:
Ashenzari
Cheibriados
Dithmenos
Elyvilon
Fedhas
Gozag
Hepliaklqana
Kikubaaqudgha
Makhleb
Nemelex Xobeh
Okawaru
Qazlal
Ru
Sif Muna
Trog
Uskayaw
Vehumet
Wu Jian
Xom
Yredelemnul
Zin
The Shining One
Beogh

Shops:
D:5 *

Annotations:
D:10 1 runed translucent door
D:13 1 runed translucent door, Kegu Nitz's ghost, journeyman SpEn


Innate Abilities, Weirdness & Mutations

You are too large for most types of armour.
You have claws for hands.
Your magical capacity is low. (-10% MP)
Your natural rate of healing is unusually fast.
You are covered in fur. (AC +1)
You have tough skin. (AC +1)
You cannot be stealthy.
You cannot study or use magical devices.
You are somewhat inexperienced. (-2 XL)
You are frail. (-10% HP)


Message History

The lich points at itself and mumbles some strange words.
The lich flickers and vanishes!
Deactivating autopickup; reactivate with Ctrl-A.
Unknown command.
You scratch the vampire.
The vampire is lightly damaged.
You redirect the mana viper's attack!
The mana viper bites itself.
Unknown command.
You scratch the mana viper.
The mana viper is lightly wounded.
You block the mana viper's attack.
You redirect the necromancer's attack!
Unknown command.
You closely miss the mana viper.
The mana viper is lightly wounded.
You block the mana viper's attack. Something touches you.
You feel drained.
Unknown command.
You scratch something but do no damage. You block the mana viper's attack.
Something touches you.
You feel drained.
You closely miss something. You block the mana viper's attack.
You redirect the necromancer's attack!
The vampire begins to cast a spell, but is stunned by your conviction!
You claw something! You block the mana viper's attack. Something touches you!
You feel drained.
Kegu Nitz's ghost gestures wildly while chanting.
Kegu Nitz's ghost blinks!
You closely miss something. The mana viper bites you.
You feel your power leaking away.
You hear some strange, mumbled words.
A bolt of cold appears from out of thin air!
The bolt of cold hits you!!!!
Ouch! That really hurt!
* * * LOW HITPOINT WARNING * * *
You claw something! You block the mana viper's attack.
Something touches you but does no damage.
The necromancer points at you and mumbles some strange words.
The bolt of negative energy hits something.
The bolt of negative energy hits you!!!
You feel drained.
You die...

#### #... #... #... #####
#####... #...#
###########.....## #...#
########...##......#####. #...#
...!..z###(#..###### #..
#...###.##..♣p{@W...## #..
#...##c.#8..cV♣S#...# #..
#...#zW.....#####...### #..
#...#####8.##.........## #).
#..(..#8...#..⌠........########.
#<..#####8!##...........>.......
##.##..:....#####.)....#######..
#.##?..#8......#......# #..
#.########♣..♣W+......# #..


You could see a skeletal warrior, a mana viper (summoned), a yaktaur, a
necromancer, a vampire and Kegu Nitz's ghost.

Vanquished Creatures
  Rupert (D:12)
  A lich (D:10)
  An orc warlord (D:12)
  Azrael (D:12)
  A fire dragon (shapeshifter) (D:10)
  Snorg (Lair:4)
  A fire dragon (Lair:6)
  A great orb of eyes (D:10)
  A yaktaur captain (D:13)
  A centaur warrior (D:13)
  5 hydras
  3 two-headed ogres
  The ghost of Terrapin the Basher, a novice DrWr of Hepliaklqana (D:10)
  7 death yaks (Lair:4)
  A sun demon (Volcano)
  Sonja (D:11)
  An orc high priest (D:12)
  Nergalle (Lair:1)
  3 skeletal warriors (D:10)
  An unseen horror (D:10)
  A wizard (D:13)
  A lindwurm (Lair:6)
  2 orc knights (D:12)
  A deep elf pyromancer (D:12)
  A necromancer (D:10)
  A cyclops (D:11)
  4 ugly things
  A manticore (D:13)
  6 oklob plants (Lair:5)
  2 orc sorcerers
  Joseph (D:7)
  4 black mambas
  3 molten gargoyles (Lair:6)
  2 centaur skeletons
  11 cane toads
  A kobold demonologist (D:12)
  5 komodo dragons
  A tengu conjurer (D:13)
  A troll (D:10)
  A wolf spider simulacrum (D:10)
  3 polar bears
  A hornet (D:12)
  Grinder (D:5)
  15 blink frogs
  7 dream sheep (Lair:5)
  A centaur simulacrum (D:10)
  A vampire (D:13)
  2 wraiths
  3 fire elementals (D:12)
  3 fire bats (Lair:1)
  10 wyverns
  70 yaks
  6 basilisks
  Grum (D:10)
  A swamp worm (shapeshifter) (D:13)
  6 nagas (Lair:4)
  A soldier ant (D:12)
  10 hell hounds
  19 water moccasins
  17 orc warriors
  2 ice beasts (D:8)
  9 black bears
  4 ogres
  3 sky beasts
  29 wolves
  5 centaurs
  A phantom (D:10)
  3 kobold brigands
  3 elf zombies (Ossuary)
  A wyvern zombie (D:8)
  15 bullfrogs
  A gnoll sergeant (D:13)
  A scorpion (D:4)
  A wight (D:10)
  5 electric eels
  6 howler monkeys
  3 lava snakes (Lair:6)
  2 quasits
  2 bullfrog zombies
  4 hounds
  3 human zombies (Ossuary)
  Crazy Yiuf (D:3)
  An iguana (D:8)
  5 jellies
  10 orc priests
  3 bullfrog skeletons
  12 orc wizards
  11 worker ants
  A hound zombie (D:5)
  A hound skeleton (D:4)
  2 mummies (Ossuary)
  A howler monkey zombie (D:6)
  A worker ant zombie (D:10)
  9 gnolls
  9 adders
  2 shadow imps
  A white imp (D:6)
  An ufetubus (D:6)
  An ooze (D:1)
  An adder zombie (Ossuary)
  4 worms
  3 dart slugs
  5 leopard geckos
  50 orcs
  7 bats
  2 giant cockroaches
  4 goblins
  6 hobgoblins
  14 jackals
  19 kobolds
  5 quokkas
  3 ball pythons
  2 frilled lizards
  2 goblin zombies (Ossuary)
  7 hobgoblin zombies (Ossuary)
  13 kobold zombies (Ossuary)
  A leopard gecko skeleton (D:6)
  7 orc zombies (Ossuary)
  A quokka skeleton (D:6)
  11 rats
  3 rat zombies
607 creatures vanquished.

Vanquished Creatures (others)
  Erolcha (D:13)
  A lava snake (Lair:6)
  An orc wizard (D:12)
  A gnoll (D:13)
  An orc (D:12)
  52 fungi
  61 plants
118 creatures vanquished.

Grand Total: 725 creatures vanquished

Notes
Turn   | Place    | Note
-------+----------+-------------------------------------------
     0 | D:1      | hellse the Troll Fighter began the quest for the Orb.
     0 | D:1      | Reached XP level 1. HP: 22/22 MP: 0/0
    53 | D:1      | Reached XP level 2. HP: 29/29 MP: 1/1
   159 | D:1      | Reached skill level 3 in Unarmed Combat
   348 | D:1      | Reached XP level 3. HP: 36/36 MP: 2/2
   604 | D:3      | Reached skill level 4 in Unarmed Combat
   777 | D:3      | Reached XP level 4. HP: 44/44 MP: 3/3
   797 | D:3      | Found an iron altar of Okawaru.
   844 | D:4      | Found a sand-covered staircase.
   861 | Ossuary  | Entered an ossuary
   929 | Ossuary  | Reached skill level 5 in Unarmed Combat
   938 | Ossuary  | Reached XP level 5. HP: 30/50 MP: 4/4
   973 | Ossuary  | Reached skill level 6 in Unarmed Combat
  1058 | Ossuary  | Reached XP level 6. HP: 37/59 MP: 5/5
  1071 | Ossuary  | Reached skill level 7 in Unarmed Combat
  1506 | D:4      | Reached XP level 7. HP: 66/66 MP: 6/6
  1669 | D:4      | Reached skill level 8 in Unarmed Combat
  2008 | D:5      | Entered Level 5 of the Dungeon
  2020 | D:5      | Noticed Grinder
  2020 | D:5      | Paralysed by Grinder for 2 turns
  2030 | D:5      | Paralysed by something for 3 turns
  2040 | D:5      | Killed Grinder
  2041 | D:5      | Reached skill level 9 in Unarmed Combat
  2066 | D:5      | Found a white marble altar of Elyvilon.
  2117 | D:5      | Found a basalt altar of Yredelemnul.
  2479 | D:5      | Found Felyck's Assorted Antiques.
  2482 | D:5      | Bought a scroll labelled HEW QUOMN for 18 gold pieces
  2482 | D:5      | Bought a silvery potion for 16 gold pieces
  2482 | D:5      | Bought a silvery potion for 16 gold pieces
  2482 | D:5      | Bought a scroll labelled FUDECZEEKH for 18 gold pieces
  2482 | D:5      | Bought an orange potion for 16 gold pieces
  2519 | D:5      | Reached XP level 8. HP: 75/75 MP: 7/7
  2789 | D:5      | Found an ornate altar of the Wu Jian Council.
  2862 | D:5      | Noticed a spectral centipede
  2862 | D:5      | Noticed a spectral black mamba
  3127 | D:6      | Found a stormy altar of Qazlal.
  3229 | D:6      | Reached skill level 10 in Unarmed Combat
  3744 | D:7      | Reached skill level 5 in Fighting
  3875 | D:7      | Noticed Joseph
  4064 | D:7      | Found a staircase to the Ecumenical Temple.
  4073 | Temple   | Entered the Ecumenical Temple
  4185 | Temple   | Became a worshipper of Ru the Awakened
  4631 | D:2      | Found a burning altar of Makhleb.
  4634 | D:2      | Found a glowing silver altar of Zin.
  4639 | D:2      | Found a hazy altar of Hepliaklqana.
  5111 | D:3      | Found a runed translucent door.
  5112 | D:3      | Noticed Crazy Yiuf
  5565 | D:3      | Killed Crazy Yiuf
  6129 | D:8      | Reached XP level 9. HP: 88/88 MP: 8/8
  6196 | D:8      | Gained mutation: You cannot study or use magical devices.
                  | [Ru sacrifice]
  6196 | D:8      | Reached * piety under Ru
  6196 | D:8      | Reached ** piety under Ru
  6244 | D:8      | Found a shimmering altar of Xom.
  6422 | D:8      | Reached skill level 11 in Unarmed Combat
  6547 | D:8      | Noticed a two-headed ogre
  6559 | D:8      | Killed a two-headed ogre
  6560 | D:8      | Reached skill level 12 in Unarmed Combat
  6769 | D:8      | Found a hide-covered altar of Uskayaw.
  7014 | D:7      | Killed Joseph
  7015 | D:7      | Reached XP level 10. HP: 72/96 MP: 9/9
  7047 | D:7      | Found a blossoming altar of Fedhas.
  7439 | D:9      | Acquired the ring of Life {rElec Will+ Str+6 Int+6}
  7440 | D:9      | Acquired a +1 hat
  7761 | D:10     | Entered Level 10 of the Dungeon
  8079 | D:10     | Noticed an unseen horror
  8079 | D:10     | Killed an unseen horror
  8080 | D:10     | Reached skill level 13 in Unarmed Combat
  8106 | D:10     | Gained mutation: You cannot be stealthy. [Ru sacrifice]
  8106 | D:10     | Reached *** piety under Ru
  8238 | D:10     | Found a runed translucent door.
  8243 | D:10     | Noticed a great orb of eyes
  8243 | D:10     | Noticed a skeletal warrior
  8252 | D:10     | Noticed a necromancer
  8252 | D:10     | Noticed a skeletal warrior
  8253 | D:10     | Noticed a skeletal warrior
  8254 | D:10     | Noticed a glowing shapeshifter
  8254 | D:10     | Noticed a manticore
  8254 | D:10     | a glowing shapeshifter changed into a manticore
  8255 | D:10     | Noticed a lich
  8255 | D:10     | Noticed Terrapin's ghost (novice DrWr)
  8259 | D:10     | Found a runed translucent door.
  8262 | D:10     | Noticed a swamp dragon
  8263 | D:10     | Noticed a mana viper
  8263 | D:10     | a swamp dragon changed into a mana viper
  8521 | D:10     | Noticed a black mamba
  8525 | D:10     | a black mamba changed into a tarantella
  8575 | D:10     | Identified the +9 rapier of Frustration {protect, rN+}
  8581 | D:10     | Noticed a six-headed hydra
  8582 | D:10     | Noticed a white draconian
  8582 | D:10     | a six-headed hydra changed into a white draconian
  8592 | D:10     | Noticed a minotaur
  8592 | D:10     | a white draconian changed into a minotaur
  8595 | D:10     | Noticed a spark wasp
  8595 | D:10     | a minotaur changed into a spark wasp
  8597 | D:10     | a spark wasp changed into a tyrant leech
  8599 | D:10     | Noticed an ice dragon
  8599 | D:10     | a tyrant leech changed into an ice dragon
  8601 | D:10     | Noticed an alligator
  8601 | D:10     | an ice dragon changed into an alligator
  8602 | D:10     | Noticed an ettin
  8602 | D:10     | an alligator changed into an ettin
  8639 | D:11     | Noticed Grum
  8645 | D:10     | Killed Grum
  8696 | D:11     | Reached skill level 1 in Armour
  8696 | D:11     | Reached XP level 11. HP: 99/111 MP: 10/10
  8713 | D:11     | Found a staircase to the Lair.
  8887 | D:11     | Noticed Sonja
  8958 | D:11     | Noticed a two-headed ogre
  9106 | D:11     | Killed a two-headed ogre
  9272 | D:11     | Killed Sonja
  9273 | D:11     | Reached skill level 5 in Armour
  9534 | Lair:1   | Entered Level 1 of the Lair of Beasts
  9568 | Lair:1   | Acquired a manual of Armour
  9583 | Lair:1   | Reached skill level 1 in Throwing
  9620 | Lair:1   | Found a dark tunnel.
  9664 | Volcano  | Entered a volcano
  9683 | Volcano  | Noticed an orc sorcerer
  9686 | Volcano  | Killed an orc sorcerer
  9746 | Volcano  | Noticed a red ugly thing
  9754 | Volcano  | Killed a red ugly thing
  9780 | Volcano  | Noticed a red ugly thing
  9780 | Volcano  | Noticed a sun demon
  9785 | Volcano  | Killed a red ugly thing
  9790 | Volcano  | Killed a sun demon
  9791 | Volcano  | Reached skill level 5 in Throwing
 10156 | Lair:1   | Reached XP level 12. HP: 120/120 MP: 11/11
 10340 | Lair:1   | Noticed Nergalle
 10363 | Lair:1   | Killed Nergalle
 10883 | Lair:2   | Reached skill level 10 in Armour
 11091 | Lair:2   | Found a staircase to the Swamp.
 12061 | Lair:3   | Reached skill level 14 in Unarmed Combat
 12477 | Lair:4   | Noticed Snorg
 12499 | Lair:4   | Killed Snorg
 12623 | Lair:4   | Found a staircase to the Snake Pit.
 12694 | Lair:4   | Noticed a six-headed hydra
 12709 | Lair:4   | Killed a one-headed hydra
 12710 | Lair:4   | Reached skill level 5 in Shields
 12763 | Lair:4   | Noticed a death yak
 12763 | Lair:4   | Noticed a death yak
 12763 | Lair:4   | Noticed a death yak
 12764 | Lair:4   | Noticed a death yak
 12777 | Lair:4   | Killed a death yak
 12778 | Lair:4   | Reached XP level 13. HP: 99/127 MP: 12/12
 15081 | Lair:5   | Found a staircase to the Slime Pits.
 15220 | Lair:6   | Entered Level 6 of the Lair of Beasts
 15407 | Lair:6   | Gained mutation: You are somewhat inexperienced. (-2 XL)
                  | [Ru sacrifice]
 15407 | Lair:6   | Reached XP level 12. HP: 85/120 MP: 11/11
 15407 | Lair:6   | Reached XP level 11. HP: 85/111 MP: 10/10
 15407 | Lair:6   | Reached **** piety under Ru
 15407 | Lair:6   | Reached ***** piety under Ru
 15451 | Lair:6   | Found a large runed translucent door.
 15456 | Lair:6   | Noticed a fire dragon
 15486 | Lair:6   | Reached XP level 12. HP: 120/120 MP: 11/11
 15658 | Lair:6   | Found a large runed translucent door.
 15683 | Lair:6   | Killed a fire dragon
 16568 | D:10     | Killed a lich
 16572 | D:10     | Noticed an ettin
 16572 | D:10     | a slime creature changed into an ettin
 16574 | D:10     | an ettin changed into a tyrant leech
 16576 | D:10     | Noticed an entropy weaver
 16576 | D:10     | a tyrant leech changed into an entropy weaver
 16579 | D:10     | Noticed a fire dragon
 16579 | D:10     | an entropy weaver changed into a fire dragon
 16590 | D:10     | Killed a fire dragon
 16613 | D:10     | Killed a great orb of eyes
 16614 | D:10     | Reached XP level 13. HP: 107/133 MP: 12/12
 16727 | D:10     | Killed Terrapin's ghost
 16851 | D:12     | Reached skill level 10 in Fighting
 17028 | D:12     | Noticed Rupert
 17035 | D:12     | Paralysed by Rupert for 5 turns
 17044 | D:12     | Killed Rupert
 17062 | D:12     | Found a staircase to the Orcish Mines.
 17260 | D:12     | Gained mutation: Your magical capacity is low. (-10% MP)
                  | [Ru sacrifice]
 17371 | D:12     | Noticed an orc warlord
 17378 | D:12     | Killed an orc warlord
 17395 | D:12     | Noticed Azrael
 17463 | D:12     | Killed Azrael
 17632 | D:12     | Found a roughly hewn altar of Beogh.
 17921 | D:12     | Gained mutation: You are frail. (-10% HP) [a neqoxec]
 18487 | D:13     | Found a runed translucent door.
 18499 | D:13     | Found a runed translucent door.
 18504 | D:13     | Noticed a lich
 18509 | D:13     | Noticed Kegu Nitz's ghost (journeyman SpEn)
 18595 | D:13     | Noticed Erolcha
 18600 | D:13     | Killed Erolcha
 18675 | D:13     | Found a blossoming altar of Fedhas.
 18771 | D:13     | Noticed a fire dragon
 18771 | D:13     | a fire dragon changed into an alligator
 18788 | D:13     | Noticed a bunyip
 18791 | D:13     | a bunyip changed into an alligator
 18797 | D:13     | Noticed a bunyip
 18797 | D:13     | a bunyip changed into an alligator
 18974 | D:13     | Killed from afar by a necromancer

Illustrated notes

Levels and vault maps discovered:
D:1:      minmay_arrival_arboretum_small, layout_rooms
D:2:      layout_basic, grunt_temple_overflow_diamond, minmay_bisected
D:3:      layout_loops_cross, nicolae_overflow_crystal_walls, chequers_jeans,
          uniq_crazy_yiuf_cottage
D:4:      layout_cave_pods, enter_ossuary_4
D:5:      layout_basic, kennysheep_ying_yang, pdpol_wu_jian_five_deadly_venoms,
          serial_shops, shop, minmay_misc_feat_ornament, corexii_corridor_pit,
          uniq_grinder
D:6:      layout_loops_ring, lemuel_round_altar
D:7:      layout_basic, overflow_temple_1_default, lemuel_temple_firewalk_b,
          uniq_joseph
D:8:      layout_loops_ring, kennysheep_mini, old_standard_altar
D:9:      layout_rooms
D:10:     layout_loops_ring, muffindrake_ghost_dual_entry
D:11:     layout_rooms, due_lair_maze_entry_diamond, uniq_sonja, uniq_grum
D:12:     orc_temple, layout_layer_cave, orc_0_dummy, uniq_rupert, uniq_azrael
D:13:     layout_rooms, basic_altar, muffindrake_ghost_dual_entry, uniq_erolcha
Temple:   minmay_temple_curvy_loop
Lair:1:   layout_roguey, nicolae_volcano_entry_batcave, minmay_holes,
          beast_lair_carwin_9, uniq_nergalle
Lair:2:   layout_roguey, swamp_mist, serial_bayou_pond_c
Lair:3:   layout_loops_ring, chequers_serial_rivers_small_b, disabler_island,
          grunt_megastairs_5, serial_bayou_shore_a
Lair:4:   layout_regular_city, minmay_snake_entry_guardpost_medium,
          infiniplex_staircase_pool, serial_bayou_shore_b, uniq_snorg
Lair:5:   layout_hall_layers, minmay_slime_entry_oklob_enclosed,
          chequers_serial_rivers_micro_c, serial_bayou_ford_a,
          lemuel_fruit_fields
Lair:6:   cheibrodos_lair_end_hotspot, layout_gridlike, st_stairs_6,
          chequers_serial_rivers_room_a, minivault_24

Skill      XL: |  1  2  3  4  5  6  7  8  9 10 11 12 13 |
---------------+----------------------------------------+-----
Unarmed Combat | 3 4 5 6 7 9 10 12 13 14 | 14.0
Fighting       | 3 5 8 9 11 | 11.9
Dodging        | 3 |  3.6
Armour         | 1 7 11 | 11.8
Throwing       | 5 9 8 |  9.4
Shields        | 5 9 |  9.0

Action                   |  1- 3 |  4- 6 |  7- 9 | 10-12 | 13-15 || total
-------------------------+-------+-------+-------+-------+-------++-------
Melee: Unarmed           |    96 |   197 |   319 |   782 |   601 ||  1995
       Hand axe          |       |       |       |     8 |     9 ||    17
Throw: Large rock        |       |       |       |       |    28 ||    28
Invok: Sacrifice Artific |       |       |     1 |       |       ||     1
       Sacrifice Stealth |       |       |       |     1 |       ||     1
       Draw Out Power    |       |       |       |     3 |     1 ||     4
       Sacrifice Experie |       |       |       |     1 |       ||     1
       Power Leap        |       |       |       |     1 |       ||     1
       Reject Sacrifices |       |       |       |     1 |       ||     1
       Apocalypse        |       |       |       |       |     2 ||     2
       Sacrifice Essence |       |       |       |       |     1 ||     1
  Use: Scroll            |       |     2 |       |    19 |     3 ||    24
       Potion            |       |       |       |     1 |     2 ||     3
 Stab: Sleeping          |       |       |     3 |       |       ||     3
       Distracted        |       |       |       |     5 |     1 ||     6
       Petrifying        |       |       |       |     1 |       ||     1
       Invisible         |       |       |       |     2 |     3 ||     5
       Paralysed         |       |       |       |       |     4 ||     4
Armor: Robe              |    25 |   102 |    52 |    58 |       ||   237
       Fire dragon scale |       |       |       |   136 |   189 ||   325
Dodge: Dodged            |    33 |    99 |    67 |   183 |   134 ||   516
Block: Kite shield       |    40 |   143 |   192 |   557 |   404 ||  1336
       Reflection        |       |       |     9 |     9 |     9 ||    27

Table legend: (Time is in decaauts)
 A = Elapsed time spent in this place.
 B = Non-inter-level travel time spent in this place.
 C = Inter-level travel time spent in this place.
 D = Time resting spent in this place.
 E = Time spent auto-exploring this place.
 F = Levels seen in this place.
 G = Mean time per level.
                   A        B        C        D        E       F      G
               +--------+--------+--------+--------+--------+-----+--------+
         Total |  18907 |  17699 |   1208 |    965 |  12859 |  22 |  859.4 |
       Dungeon |  11382 |  10470 |    912 |    327 |   7987 |  13 |  875.5 |
        Temple |    249 |    214 |     35 |      0 |    212 |   1 |  249.0 |
          Lair |   6655 |   6395 |    260 |    626 |   4488 |   6 | 1109.2 |
       Ossuary |    350 |    350 |      0 |      0 |    119 |   1 |  350.0 |
       Volcano |    269 |    269 |      0 |     12 |     52 |   1 |  269.0 |
               +--------+--------+--------+--------+--------+-----+--------+

Top non-repeatable levels by time:
    D:12: 1462 daAuts
  Lair:5: 1461 daAuts
  Lair:4: 1376 daAuts
    D:10: 1268 daAuts
  Lair:6: 1128 daAuts
     D:7: 1128 daAuts
     D:5: 1042 daAuts
  Lair:1: 1020 daAuts
     D:3: 926 daAuts
     D:4: 924 daAuts
  Lair:2: 899 daAuts
     D:8: 878 daAuts
    D:11: 791 daAuts
  Lair:3: 769 daAuts
     D:6: 743 daAuts
